 Dungeon Crawl Stone Soup version 0.30-a0-313-gae38170b09 (webtiles) character file.

Game seed: 14820652240089136749

2899 porpoise the Carver (level 9, -6/102 HPs)
             Began as a Demonspawn Monk on Oct 27, 2022.
             Was a Believer of Hepliaklqana.
             Mangled by Erica
             ... wielding a +3 scimitar of flaming
              (11 damage)
             ... on level 8 of the Dungeon.
             The game lasted 00:28:02 (7530 turns).

porpoise the Carver (Demonspawn Monk)               Turns: 7530, Time: 00:28:02

Health: -6/102     AC: 11    Str: 11    XL:     9   Next: 49%
Magic:  13/13      EV: 12    Int: 13    God:    Hepliaklqana [**....]
Gold:   639        SH:  4    Dex: 19    Spells: 8/8 levels left

rFire   + . .      SeeInvis .    a - +0 long sword
rCold   + . .      Faith    .    Q - +0 buckler
rNeg    . . .      Spirit   .    r - +1 leather armour of the Flute {rC+}
rPois   .          Reflect  .    (helmet restricted)
rElec   .          Harm     .    z - scarf {repulsion}
rCorr   .          Rampage  .    t - +0 pair of gloves
Will    .....                    (no boots)
Stlth   ..........               P - amulet of regeneration
HPRegen 1.17/turn                D - +4 ring of protection
MPRegen 0.13/turn                A - ring of protection from fire

@: berserking (expiring), lethally poisoned (-6 -> -8), slowed, repel missiles
A: reduced essence, antennae 1, rugged brown scales 2, powered by death 2
a: Renounce Religion, Recall Ancestor, Ancestor Identity


You were on level 8 of the Dungeon.
You worshipped Hepliaklqana.
Hepliaklqana was pleased with you.
You visited 2 branches of the dungeon, and saw 9 of its levels.
You also visited: Sewer.

You collected 639 gold pieces.

Inventory:

Hand Weapons
 a - a +0 long sword (weapon)
 b - a +0 rapier
Missiles
 e - a javelin
 i - a silver boomerang (quivered)
 G - a throwing net
 S - 2 poisoned darts
 T - a curare-tipped dart
 U - a boomerang
Armour
 l - a +0 cloak
 o - a +0 ring mail
 r - the +1 leather armour of the Flute (worn) {rC+}
   (You found it on level 2 of the Dungeon)

   rC:        It protects you from cold.
 t - a +0 pair of gloves (worn)
 u - an orb of light
 z - a scarf of repulsion (worn)
 Q - a +0 buckler (worn)
Magical Staves
 K - a staff of death
Jewellery
 m - an amulet of the acrobat
 q - a ring of protection from cold
 A - a ring of protection from fire (right hand)
 D - a +4 ring of protection (left hand)
 F - an amulet of reflection
 P - an amulet of regeneration (around neck)
Wands
 E - a wand of paralysis (11)
Scrolls
 f - a scroll of vulnerability {unknown}
 j - 2 scrolls of magic mapping
 k - a scroll of fog {unknown}
 p - a scroll of noise
 v - a scroll of summoning {unknown}
 y - a scroll of silence {unknown}
 B - a scroll of immolation {unknown}
 I - a scroll of blinking {unknown}
 J - a scroll of amnesia {unknown}
 L - 2 scrolls of teleportation
 N - a scroll of torment {unknown}
 R - a scroll of identify
Potions
 c - a potion of ambrosia
 d - 2 potions of haste
 g - 3 potions of invisibility
 h - 3 potions of mutation
 n - 2 potions of resistance
 s - a potion of attraction
 w - a potion of berserk rage
 x - a potion of flight
 C - 3 potions of curing
 H - a potion of cancellation
 M - a potion of brilliance
 O - 3 potions of heal wounds


   Skills:
 - Level 7.0 Fighting
 + Level 9.6 Long Blades
 + Level 3.5 Armour
 - Level 2.6 Dodging
 - Level 1.7 Stealth
 + Level 5.3 Invocations


You had 8 spell levels left.
You didn't know any spells.
Your spell library contained the following spells:

 Spells                   Type           Power      Damage    Failure   Level
 Magic Dart               Conj           0%         1d3       50%         1
 Sting                    Tmut/Pois      0%         1d3       50%         1
 Call Imp                 Summ           0%         N/A       63%         2
 Poisonous Vapours        Pois/Air       0%         N/A       63%         2
 Gell's Gravitas          Tloc           0%         N/A       86%         3
 Inner Flame              Hex/Fire       0%         N/A       86%         3
 Lesser Beckoning         Tloc           0%         N/A       86%         3
 Mephitic Cloud           Conj/Pois/Air  0%         N/A       86%         3
 Teleport Other           Tloc           0%         N/A       86%         3
 Cause Fear               Hex            0%         N/A       99%         4
 Flame Wave               Conj/Fire      0%         2d4       99%         4
 Olgreb's Toxic Radiance  Pois           0%         N/A       99%         4
 Sticky Flame             Conj/Fire      0%         2d3       99%         4
 Dragon Form              Tmut           0%         N/A       100%        7
 Dragon's Call            Summ           0%         N/A       100%        9


Dungeon Overview and Level Annotations

Branches:
Dungeon (8/15)             Temple (1/1) D:5            Lair (0/5) D:8
  Sewer (visited)

Altars:
Ashenzari
Cheibriados
Dithmenos
Fedhas
Gozag
Hepliaklqana
Makhleb
Nemelex Xobeh
Okawaru
Qazlal
Sif Muna
Trog
Vehumet
Wu Jian
Xom

Annotations:
D:8 Erica


Innate Abilities, Weirdness & Mutations

Your life essence is reduced to manifest your ancestor. (-10% HP)
You have a pair of small antennae on your head.
You are mostly covered in rugged brown scales. (AC +2, +5% HP)
You regenerate health from kills.


Message History

Erica flickers and vanishes!
Deactivating autopickup; reactivate with Ctrl-A.
You slash something! Something hits you! Something burns you.
Aiming: Paralyse
Press: ? - help, Shift-Dir - straight line Nothing appears to happen.
Something hits you but does no damage.
You slash something! Something hits you! Something burns you.
You barely miss something. Something hits you! Something burns you.
A red film seems to cover your vision as you go berserk!
You feel yourself moving faster!
You feel mighty! Something hits you. Something burns you.
You completely miss something. Something hits you. Something burns you.
You miss something.
You hear some strange, mumbled words.
You feel yourself slow down.
You miss something. Something hits you but does no damage.
You barely miss something.
You hear some strange, mumbled words.
A bolt of poison appears from out of thin air!
The bolt of poison hits you!
You are poisoned.
The bolt of poison hits Niki.
Niki completely resists.
You miss something.
You feel very sick.
You slice something!!
You feel very sick. Something hits you!
* * * LOW HITPOINT WARNING * * *
Something burns you.
* * * LOW HITPOINT WARNING * * *
You completely miss something.
You feel very sick. Something hits you!
* * * LOW HITPOINT WARNING * * *
Something burns you.
* * * LOW HITPOINT WARNING * * *
You miss something.
You feel sick. Something hits you but does no damage.
You closely miss something.
You feel sick. Something hits you!
You die...

.# .# #. .# #####
#. .# #... ..###
.######.#######...#
..................#
....###.###### #..
.##.# #.# #{# .##.#
#.# #@#
.##.###)########R#
.##....).........#
.##.###.##########
....# #.########
.##.# #........#
###.# ########.# .
#.# # #)#


You could see the friendly Niki the hexer.

Vanquished Creatures
  An orc warrior (D:8)
  2 ice beasts
  A black bear (D:5)
  An ogre (D:5)
  4 phantoms
  A necrophage (D:5)
  5 bullfrogs
  3 scorpions (D:4)
  3 wights (D:5)
  6 killer bees (D:7)
  A howler monkey (D:4)
  3 hounds (D:5)
  A jelly (D:7)
  4 orc priests
  Terence (D:3)
  3 orc wizards
  8 iguanas
  A gnoll (D:5)
  3 adders
  2 river rats
  A shadow imp (D:6)
  2 white imps
  2 ufetubi (D:5)
  2 worms
  A dart slug (D:3)
  12 orcs
  4 ball pythons
  3 endoplasms (D:1)
  8 giant cockroaches
  4 goblins
  8 hobgoblins
  2 quokkas
  6 bats
  3 frilled lizards
  7 kobolds
  7 rats
  A toadstool (D:8)
127 creatures vanquished.

Vanquished Creatures (collateral kills)
  An orc warrior (D:8)
  A centaur (D:5)
  A kobold brigand (D:8)
  A necrophage (D:6)
  3 iguanas (D:6)
  A hell rat (Sewer)
  An adder (D:6)
  A river rat (Sewer)
  An orc (D:6)
  A ball python (D:6)
  A kobold (D:8)
  3 rats (Sewer)
16 creatures vanquished.

Vanquished Creatures (others)
  7 fungi (D:8)
  3 toadstools (D:8)
10 creatures vanquished.

Grand Total: 153 creatures vanquished

Notes
Turn   | Place    | Note
-------+----------+-------------------------------------------
     0 | D:1      | porpoise the Demonspawn Monk began the quest for the Orb.
     0 | D:1      | Reached XP level 1. HP: 18/18 MP: 1/1
   177 | D:1      | Reached skill level 3 in Long Blades
   214 | D:1      | Gained mutation: You regenerate a little health from kills.
                  | [demonic ancestry]
   214 | D:1      | Reached XP level 2. HP: 20/24 MP: 2/2
   504 | D:1      | Found a faded altar of an unknown god.
   865 | D:2      | Reached XP level 3. HP: 27/29 MP: 3/3
   956 | D:2      | You fall into a shaft and drop 1 floor!
  1111 | D:2      | Identified the +1 leather armour of the Flute {rC+}
  1703 | D:3      | Found a blossoming altar of Fedhas.
  2061 | D:3      | Noticed Terence
  2073 | D:3      | Killed Terence
  2074 | D:3      | Reached skill level 4 in Long Blades
  2074 | D:3      | Gained mutation: You regenerate health from kills. [demonic
                  | ancestry]
  2074 | D:3      | Reached XP level 4. HP: 6/37 MP: 4/4
  2567 | D:4      | Noticed a scorpion
  2576 | D:4      | Killed a scorpion
  2577 | D:4      | Gained mutation: You have a pair of small antennae on your
                  | head. [demonic ancestry]
  2577 | D:4      | Reached XP level 5. HP: 34/42 MP: 5/5
  2699 | D:4      | Noticed a phantom
  2820 | D:4      | Reached skill level 5 in Long Blades
  2946 | D:4      | Noticed a phantom
  2961 | D:4      | Killed a phantom
  2962 | D:4      | Reached XP level 6. HP: 41/49 MP: 6/6
  3059 | D:4      | Reached skill level 5 in Fighting
  3074 | D:4      | Reached skill level 6 in Long Blades
  3610 | D:5      | Entered Level 5 of the Dungeon
  3614 | D:5      | Gained mutation: You are partially covered in rugged brown
                  | scales. (AC +1, +3% HP) [demonic ancestry]
  3614 | D:5      | Reached XP level 7. HP: 48/57 MP: 7/7
  4144 | D:4      | Reached skill level 7 in Long Blades
  4413 | D:5      | Reached XP level 8. HP: 64/65 MP: 8/8
  4532 | D:5      | Reached skill level 8 in Long Blades
  4645 | D:5      | Found a staircase to the Ecumenical Temple.
  4654 | Temple   | Entered the Ecumenical Temple
  4844 | Temple   | Became a worshipper of Hepliaklqana the Forgotten
  4844 | Temple   | Reached * piety under Hepliaklqana
  4844 | Temple   | Reached ** piety under Hepliaklqana
  4845 | Temple   | Remembered your ancestor Niki as a hexer
  5961 | D:6      | Found a glowing drain.
  5987 | Sewer    | Entered a sewer
  6058 | Sewer    | Reached skill level 1 in Invocations
  6300 | D:6      | Reached skill level 1 in Armour
  6494 | D:7      | Reached skill level 9 in Long Blades
  6499 | D:7      | Gained mutation: You are mostly covered in rugged brown
                  | scales. (AC +2, +5% HP) [demonic ancestry]
  6499 | D:7      | Reached XP level 9. HP: 62/68 MP: 9/11
  7108 | D:7      | Found a burning altar of Makhleb.
  7391 | D:8      | Found a staircase to the Lair.
  7428 | D:8      | Reached skill level 5 in Invocations
  7513 | D:8      | Noticed Erica
  7530 | D:8      | HP: 5/102 [poisoned by Erica (bolt of poison)]
  7530 | D:8      | Mangled by Erica

Illustrated notes

Levels and vault maps discovered:
D:1:      elethiomel_arrival_shortcut, layout_basic,
          dreamdust_ecumenical_altar_sealed_demon, minmay_pentomino_z2
D:2:      layout_loops_cross, kennysheep_generic_room_12
D:3:      layout_rooms, mainiacjoe_overflow_concentric_impassable, uniq_terence
D:4:      layout_cave_pods
D:5:      layout_loops_corners, temple_hall, minmay_bent
D:6:      layout_basic, portal_sewer_entry_e, hex_intersection
D:7:      layout_loops_cross, bloody_makhleb, kennysheep_generic_room_7
D:8:      layout_loops_ring, chequers_temple_overflow_statue_of_worship,
          lair_entry_dummy, minmay_gold_behind_fungi, uniq_erica
Temple:   nicolae_temple_slightly_damp_pantheon

Skill      XL: |  1  2  3  4  5  6  7  8  9 |
---------------+----------------------------+-----
Long Blades    | 3 4 5 6 7 9 |  9.6
Fighting       | 4 5 6 7 |  7.0
Invocations    | 2 5 |  5.3
Armour         | 1 3 |  3.5
Dodging        | |  2.6
Stealth        | |  1.7

Action                   |  1- 3 |  4- 6 |  7- 9 || total
-------------------------+-------+-------+-------++-------
Melee: Falchion          |   114 |   104 |    41 ||   259
       Punch             |       |     1 |     7 ||     8
       Long sword        |       |       |   281 ||   281
Throw: Boomerang         |     3 |     9 |    32 ||    44
       Javelin           |     2 |     1 |       ||     3
Invok: Ancestor Life: He |       |       |     1 ||     1
       Ancestor Identity |       |       |     1 ||     1
Evoke: Wand              |       |       |     1 ||     1
  Use: Scroll            |     7 |     1 |     9 ||    17
       Potion            |       |     1 |     1 ||     2
 Stab: Sleeping          |     6 |     1 |     4 ||    11
       Confused          |       |       |     5 ||     5
       Distracted        |       |       |     3 ||     3
Armor: Robe              |    13 |       |       ||    13
       Leather armour    |     6 |     3 |    39 ||    48
       Ring mail         |     5 |    23 |    47 ||    75
Dodge: Dodged            |    63 |    46 |   181 ||   290
Block: Buckler           |       |       |    11 ||    11

Table legend: (Time is in decaauts)
 A = Elapsed time spent in this place.
 B = Non-inter-level travel time spent in this place.
 C = Inter-level travel time spent in this place.
 D = Time resting spent in this place.
 E = Time spent auto-exploring this place.
 F = Levels seen in this place.
 G = Mean time per level.
                   A        B        C        D        E       F      G
               +--------+--------+--------+--------+--------+-----+--------+
         Total |   7580 |   7295 |    285 |   1953 |   3587 |  10 |  758.0 |
       Dungeon |   7164 |   6919 |    245 |   1853 |   3440 |   8 |  895.5 |
        Temple |    205 |    165 |     40 |      0 |    147 |   1 |  205.0 |
         Sewer |    210 |    210 |      0 |    100 |      0 |   1 |  210.0 |
               +--------+--------+--------+--------+--------+-----+--------+

Top non-repeatable levels by time:
     D:5: 1842 daAuts
     D:4: 1383 daAuts
     D:1: 849 daAuts
     D:2: 824 daAuts
     D:7: 800 daAuts
     D:3: 668 daAuts
     D:6: 538 daAuts
     D:8: 256 daAuts
   Sewer: 210 daAuts
  Temple: 205 daAuts
